 Dungeon Crawl Stone Soup version 0.32-a0-656-g3542139ebd (webtiles) character file.

Game seed: 13167146792423971478

1497603 AutarchDCSS the Worldbinder (level 25, 239/239 HPs)
             Began as a Purple Draconian Summoner on Mar 7, 2024.
             Was the Champion of Jiyva.
             Escaped with the Orb
             ... and 3 runes on Mar 8, 2024!
             The game lasted 05:18:05 (85311 turns).

AutarchDCSS the Worldbinder (DrSu)                 Turns: 85311, Time: 05:18:05

Health: 239/239    AC: 27    Str: 14    XL:     25   Next: 85%
Magic:  55/55      EV: 21    Int: 19    God:    Jiyva [******]
Gold:   3828       SH: 19    Dex: 18    Spells: 23/62 levels left

rFire   + + .        a - +9 double sword (freeze)
rCold   + + .        p - +5 kite shield {AC+3}
rNeg    + + +        (body armour unavailable)
rPois   +            w - +2 hat
rElec   +            x - +2 cloak
rCorr   +            z - +2 pair of gloves
SInv    .            N - +3 pair of mountain boots {steadfast, rC+}
Will    +++++        K - amulet of Olontime {Faith rElec MP+9 Int+3}
Stlth   +            y - ring of Piunto {rElec rF++ rN+ Str+3 Int-3}
HPRegen 1.60/turn    o - ring "Ecwudig" {rElec rPois rN+++ Will+ Slay-4}
MPRegen 1.14/turn

%: faith
@: maw-form, inhibited regen, hasted, very quick
A: devouring maw, nullifying breath, AC +12, unfitting armour, cold-blooded,
fangs 3, cold resistance 1, dopey 1, strong-willed 1, inhibited regeneration,
wild magic 2, acidic bite, eyeballs 1, translucent skin 1, jelly absorbing
missiles, inability to drink after injury 1, MP-powered wands
0: Orb of Zot
}: 3/15 runes: decaying, serpentine, slimy
a: Nullifying Breath, Begin Untransformation, Renounce Religion, Oozemancy,
Slimify


You escaped.
You worshipped Jiyva.
Jiyva was exalted by your worship.
You were a creature with a mouth for a stomach.
You visited 12 branches of the dungeon, and saw 55 of its levels.
You visited the Abyss 1 time.
You also visited: Gauntlet.

You collected 4536 gold pieces.
You spent 708 gold pieces at shops.

Inventory:

Hand Weapons
 a - a +9 double sword of freezing (weapon)
 b - the +12 rapier "Izuos" {drain, rPois rCorr MP-9 SInv}
   (You found it on level 5 of the Pits of Slime)

   rPois:     It protects you from poison.
   MP-9:      It affects your magic capacity (-9).
   SInv:      It lets you see invisible.
   rCorr:     It protects you from acid and corrosion.
Missiles
 W - 2 throwing nets
Armour
 p - a +5 kite shield of protection (worn)
 w - a +2 hat (worn)
 x - a +2 cloak (worn)
 z - a +2 pair of gloves (worn)
 N - the +3 pair of mountain boots (worn) {steadfast, rC+}
   (You found it on level 3 of the Elven Halls)

   Steadfast: It prevents involuntary movement, except for blinking,
   teleportation, or banishment.
   rC+:       It protects you from cold.
Jewellery
 e - the ring of Qevut {Wiz Str+4}
   (You found it on level 5 of the Lair of Beasts)

   [ring of wizardry]

   Wiz:       It improves your spell success rate.
   Str+4:     It affects your strength (+4).
 j - the ring of Mistrust {rF+ Str+6 Int+2 Stlth+}
   (You found it on level 5 of the Pits of Slime)

   [ring of strength]

   Str+6:     It affects your strength (+6).
   Int+2:     It affects your intelligence (+2).
   rF+:       It protects you from fire.
   Stlth+:    It makes you more stealthy.
 l - the ring "Zuisaer" {rCorr Dex+7 Stlth-}
   (You found it in a Gauntlet)

   [ring of resist corrosion]

   Dex+7:     It affects your dexterity (+7).
   rCorr:     It protects you from acid and corrosion.
   Stlth-:    It makes you less stealthy.
 n - a ring of poison resistance
 o - the ring "Ecwudig" (right hand) {rElec rPois rN+++ Will+ Slay-4}
   (You took it off a deep elf blademaster on level 3 of the Elven Halls)

   [ring of willpower]

   Slay-4:    It affects your accuracy & damage with ranged weapons and melee
   (-4).
   rElec:     It insulates you from electricity.
   rPois:     It protects you from poison.
   rN+++:     It renders you almost immune to negative energy.
   Will+:     It increases your willpower.
 s - a ring of magical power
 v - a ring of willpower
 y - the ring of Piunto (left hand) {rElec rF++ rN+ Str+3 Int-3}
   (You acquired it on level 3 of the Crypt)

   [ring of positive energy]

   Str+3:     It affects your strength (+3).
   Int-3:     It affects your intelligence (-3).
   rF++:      It greatly protects you from fire.
   rElec:     It insulates you from electricity.
   rN+:       It protects you from negative energy.
 D - a +6 ring of intelligence
 K - the amulet of Olontime (around neck) {Faith rElec MP+9 Int+3}
   (You took it off a deep elf high priest on level 3 of the Elven Halls)

   [amulet of faith]

   Faith:     It allows you to gain divine favour quickly.
   Int+3:     It affects your intelligence (+3).
   rElec:     It insulates you from electricity.
   MP+9:      It affects your magic capacity (+9).
 Q - an amulet of reflection
 X - the ring of Sul Veew {Fly rElec Will+ Dex+2}
   (You found it on level 3 of the Crypt)

   [ring of flight]

   Dex+2:     It affects your dexterity (+2).
   rElec:     It insulates you from electricity.
   Will+:     It increases your willpower.
   Fly:       It grants you flight.
Talismans
 L - a maw talisman (active)
Wands
 A - a wand of mindburst (37)
 E - a wand of acid (34)
 O - a wand of digging (1)
 P - a wand of paralysis (40)
 R - a wand of warping (6)
 V - a wand of polymorph (9)
Scrolls
 d - 2 scrolls of vulnerability
 f - 7 scrolls of amnesia
 g - 2 scrolls of brand weapon
 m - a scroll of enchant armour
 q - 4 scrolls of teleportation
 u - 4 scrolls of immolation
 J - 2 scrolls of fog
Potions
 c - 11 potions of curing
 h - a potion of haste
 k - 6 potions of heal wounds
 r - 4 potions of magic
 C - a potion of resistance
 G - 2 potions of invisibility
 I - 4 potions of lignification
 M - 4 potions of enlightenment
 S - 3 potions of cancellation
 U - 4 potions of brilliance
 Y - 5 potions of ambrosia
 Z - 7 potions of might
Miscellaneous
 t - a lightning rod (4/4)
 B - a phantom mirror


   Skills:
 + Level 22.3 Fighting
 - Level 10.0(13.6) Short Blades
 - Level 14.8(16.0) Long Blades
 - Level 15.0 Dodging
 - Level 1.7 Stealth
 - Level 15.4 Shields
 - Level 19.0 Spellcasting
 - Level 24.0 Summonings
 - Level 13.3 Translocations
 - Level 4.0 Fire Magic
 - Level 4.1 Air Magic
 - Level 5.5 Evocations
 - Level 10.0 Shapeshifting


You had 23 spell levels left.
You knew the following spells:

 Your Spells              Type           Power      Damage    Failure   Level
a - Monstrous Menagerie   Summ           54%        N/A       1%          7
b - Summon Hydra          Summ           54%        N/A       1%          7
c - Malign Gateway        Summ/Tloc      48%        N/A       6%          7
d - Summon Lightning Spi  Summ/Air       85%        N/A       1%          4
e - Summon Small Mammal   Summ           100%       N/A       1%          1
f - Summon Blazeheart Go  Fire/Summ      85%        N/A       1%          4
g - Passage of Golubria   Tloc           84%        N/A       1%          4
h - Call Canine Familiar  Summ           100%       N/A       1%          3
j - Call Imp              Summ           100%       N/A       1%          2

Your spell library contained the following spells:

 Spells                   Type           Power      Damage    Failure   Level
 Apportation              Tloc           100%       N/A       1%          1
 Lesser Beckoning         Tloc           100%       N/A       1%          2
 Gell's Gravitas          Tloc           84%        N/A       1%          3
 Summon Ice Beast         Ice/Summ       80%        N/A       1%          3
 Teleport Other           Tloc           84%        N/A       1%          3
 Volatile Blastmotes      Fire/Tloc      100%       2d18      2%          3
 Martyr's Knell           Necr/Summ      80%        N/A       2%          4
 Vhi's Electric Charge    Tloc/Air       100%       N/A       4%          4
 Summon Mana Viper        Hex/Summ       80%        N/A       4%          5
 Shock                    Conj/Air       100%       1d9       7%          1
 Dimensional Bullseye     Hex/Tloc       31%        N/A       9%          4
 Cigotuvi's Dreadful Rot  Necr/Alch/Air  74%        N/A       12%         2
 Kiss of Death            Conj/Necr      100%       2d13      13%         1
 Necrotise                Necr           100%       1d9       13%         1
 Sandblast                Erth           56%        2d13      13%         1
 Sting                    Conj/Alch      100%       1d9       13%         1
 Inner Flame              Hex/Fire       41%        N/A       16%         3
 Mephitic Cloud           Conj/Alch/Air  37%        N/A       19%         3
 Confusing Touch          Hex            28%        N/A       30%         3
 Dazzling Flash           Conj/Hex       56%        N/A       30%         3
 Ozocubu's Armour         Ice            28%        N/A       30%         3
 Passwall                 Erth           28%        N/A       30%         3
 Sigil of Binding         Hex            28%        N/A       30%         3
 Stone Arrow              Conj/Erth      56%        3d10      30%         3
 Tukima's Dance           Hex            28%        N/A       30%         3
 Flame Wave               Conj/Fire      41%        2d11      38%         4
 Ignite Poison            Fire/Alch      41%        N/A       38%         4
 Sticky Flame             Fire/Alch      41%        2d8       38%         4
 Dragon's Call            Summ           54%        N/A       45%         9
 Haunt                    Necr/Summ      40%        N/A       50%         7
 Spellforged Servitor     Conj/Summ      40%        N/A       50%         7
 Anguish                  Hex/Necr       14%        N/A       63%         4
 Animate Dead             Necr           28%        N/A       63%         4
 Brom's Barrelling Bould  Conj/Erth      28%        2d5       63%         4
 Dispel Undead            Necr           28%        3d13      63%         4
 Petrify                  Alch/Erth      28%        N/A       63%         4
 Fireball                 Conj/Fire      20%        3d10      71%         5
 Silence                  Hex/Air        20%        N/A       71%         5
 Freezing Cloud           Conj/Ice/Air   18%        6-21      78%         5
 Alistair's Intoxication  Alch           18%        N/A       91%         5
 Borgnjor's Vile Clutch   Necr/Erth      14%        N/A       91%         5
 Curse of Agony           Necr           28%        N/A       91%         5
 Irradiate                Conj/Alch      14%        3d16      91%         5
 Iskenderun's Battlesphe  Conj           28%        2d8       91%         5
 Metabolic Englaciation   Hex/Ice        14%        N/A       91%         5
 Yara's Violent Unravell  Hex/Alch       14%        3d7       91%         5
 Plasma Beam              Fire/Air       26%        2x1d38    92%         6
 Conjure Ball Lightning   Conj/Air       20%        3x3d6     99%         6
 Starburst                Conj/Fire      20%        6d7       99%         6
 Bombard                  Conj/Erth      14%        9d3       100%        6
 Death Channel            Necr           14%        N/A       100%        6
 Eringya's Noxious Bog    Alch           14%        4d6       100%        6
 Sculpt Simulacrum        Ice/Alch       14%        N/A       100%        6
 Orb of Destruction       Conj           14%        9d7       100%        7
 Borgnjor's Revivificati  Necr           14%        N/A       100%        8
 Ignition                 Fire           26%        3d9       100%        8
 Lehudib's Crystal Spear  Conj/Erth      14%        10d5      100%        8
 Maxwell's Capacitive Co  Air            26%        ∞         100%        8


Dungeon Overview and Level Annotations

Branches:
Dungeon (15/15)            Temple (1/1) D:7            Lair (5/5) D:8
  Swamp (4/4) Lair:2        Snake (4/4) Lair:2        Slime (5/5) Lair:4
    Orc (2/2) D:9             Elf (3/3) Orc:2        Vaults (4/5) D:13
  Crypt (3/3) Vaults:3       Tomb (0/3) Crypt:3      Depths (4/4) D:15
    Zot (5/5) Depths:4    Gauntlet (visited)

Altars:
Ashenzari
Cheibriados
Dithmenos
Elyvilon
Fedhas
Gozag
Hepliaklqana
Kikubaaqudgha
Makhleb
Nemelex Xobeh
Okawaru
Qazlal
Ru
Sif Muna
Trog
Uskayaw
Vehumet
Wu Jian
Xom
Yredelemnul
Zin
The Shining One
Beogh
Jiyva
Lugonu

Shops:
D:8 *   Orc:1 (   Orc:2 *[[*   Elf:2 ([   Elf:3 =   Snake:2 ((   Snake:3 !?(!
Snake:4 (   Vaults:1 *(   Depths:3 =

Portals:
Hell: Depths:1 Depths:2 Depths:3
Abyss: Depths:2 Depths:3
Pandemonium: Depths:2
Ziggurat: Depths:2
Trove: D:12 (give +8 demon whip)

Annotations:
D:11 2 runed translucent doors
Lair:5 2 runed translucent doors
Slime:5 Royal Jelly
Depths:3 1 runed translucent door, jasper's ghost, veteran MDFi
Zot:1 1 runed translucent door, jestert79's ghost, veteran SpAr


Innate Abilities, Weirdness & Mutations

You are a creature with a mouth for a stomach.
Your midsection houses a second, enormous mouth.
You can breathe blasts of antimagic.
Your rich purple scales are hard. (AC +12)
You cannot fit into any form of body armour.
You are cold-blooded and may be slowed by cold attacks.
You have razor-sharp teeth.
Your flesh is cold resistant. (rC+)
You are dopey. (Int -2)
You are strong-willed. (Will+)
You do not regenerate when monsters are visible.
Your spells are harder to cast, but more powerful.
You have acidic saliva.
Your body has grown eyes which may confuse attackers. (Acc +3)
Your translucent skin slightly reduces your foes' accuracy. (Stealth+)
You have a small jelly attached to you that may absorb projectiles.
You occasionally lose the ability to drink potions when taking damage.
You expend magic power (3 MP) to strengthen your wands.


Message History

Your four-headed hydra bites the blizzard demon! x2
Your four-headed hydra bites the blizzard demon but does no damage.
The blizzard demon hits your four-headed hydra! x2
Your four-headed hydra bites the blizzard demon but does no damage.
Your four-headed hydra bites the blizzard demon.
Your four-headed hydra bites the blizzard demon! x2
The blizzard demon gestures at your four-headed hydra.
The bolt of cold hits your four-headed hydra!!
Your four-headed hydra bites the blizzard demon but does no damage.
Your four-headed hydra barely misses the blizzard demon.
Your four-headed hydra bites the blizzard demon.
Your four-headed hydra bites the blizzard demon but does no damage.
A sun demon comes into view.
A balrug comes into view.
It is wielding a +2 demon whip of venom.
The balrug shouts!
You feel a bit more experienced.
A sun demon comes into view. x2
Casting: Summon Hydra (mildly dangerous; 1% risk of failure)
Confirm with . or Enter, or press ? or * to list all spells.
A seven-headed hydra appears.
The sun demon attacks as it pursues you!
You block the sun demon's attack. x2
You swap places.
Your seven-headed hydra bites the sun demon!
Your seven-headed hydra bites the sun demon but does no damage.
Your seven-headed hydra bites the sun demon!
Your seven-headed hydra bites the sun demon but does no damage. x2
Your seven-headed hydra bites the sun demon!
Your seven-headed hydra bites the sun demon.
The sun demon hits your seven-headed hydra!!
Your seven-headed hydra is engulfed in flames!!
Something hits your seven-headed hydra!!
Your seven-headed hydra dies!
Your seven-headed hydra's corpse disappears in a puff of smoke!
You feel yourself speed up. You block the sun demon's attack.
The sun demon attacks as it pursues you!
You block the sun demon's attack.
There is an open gate here.
There is a staircase leading out of the dungeon here.
You have escaped!

.######......♣.....♣.....###.###.
......##..........3......##...##.
#####.##......#'''#...33.#.###.#.
#.##....###.3.###....2.# #..#
#.##....#.......#....#.###..#
##.##....#....3..#....##.3.#.#
##.#.#....#.......#....###.##.#
##.###.....#.......#....# #.##.#
##.## ##....#...W...#....# #.#...
#.## #..###.......###..# #.....
##.## ##..#...........#..###.#...
##.###...#.ß.......ß.#..#...##..
#..#.#..#...#####...#..#.#.##.#
#.#.##..#####...#####..#.#.##.#
#.####.................#.#.##.#
#.# #.................#....#.#
#.# #........⌠.....÷..#....#.#


You could see 3 sun demons.

Vanquished Creatures
  A dread lich (Zot:5)
  An ancient lich (Zot:5)
  2 shard shrikes (Depths:3)
  3 Killer Klowns
  4 curse toes
  2 caustic shrikes
  An iron giant (Depths:3)
  An electric golem (Zot:2)
  Rupert (Lair:3)
  3 tentacled monstrosities
  A lich (Crypt:3)
  7 Orb Guardians
  A titan (Depths:3)
  A deep elf blademaster (Elf:3)
  A quicksilver dragon (Zot:1)
  A deep elf master archer (Elf:3)
  6 death cobs
  A sphinx (Depths:1)
  6 shadow dragons
  2 thorn hunters
  3 storm dragons
  Aizul (Snake:2)
  A fenstrider witch (Swamp:2)
  8 nagarajas
  A draconian monk (Zot:4)
  A revenant (Crypt:3)
  2 protean progenitors (Zot:3)
  2 draconian knights
  2 iron dragons (Depths:3)
  4 vault wardens
  2 deep elf sorcerers (Elf:3)
  A draconian shifter (Zot:2)
  4 curse skulls
  2 frost giants (Depths:3)
  3 draconian scorchers
  5 fire giants
  A deep elf elementalist (Elf:3)
  A juggernaut zombie (Crypt:3)
  7 ghost moths
  2 orc warlords
  2 reapers
  A draconian stormcaller (Zot:1)
  A ghoul (Abyss:2)
  6 very ugly things
  2 draconian annihilators (Zot:5)
  A juggernaut skeleton (Crypt:3)
  5 stone giants
  An ironbound thunderhulk (Vaults:4)
  6 green draconians
  2 spriggan defenders (Depths:2)
  An ironbound preserver (Vaults:2)
  3 vampire knights
  3 eleionomae
  2 black draconians (Zot:2)
  2 deep elf annihilators
  3 purple draconians
  A red draconian (Zot:2)
  A war gargoyle (Depths:3)
  3 dire elephants
  3 deep elf demonologists
  7 deep elf death magi
  A minotaur (Gauntlet)
  4 bunyips
  4 yellow draconians
  3 white draconians
  2 spark wasps (Depths:4)
  8 eidola
  5 ettins
  5 fire dragons
  3 shambling mangroves
  5 yaktaur captains
  2 jiangshi (Crypt:2)
  A deep elf high priest (Elf:3)
  A blizzard demon (Depths:2)
  3 salamander tyrants
  A spriggan zombie (Crypt:3)
  3 vault guards (Vaults:3)
  A peacekeeper (Vaults:3)
  9 hydras
  6 spriggan air magi
  10 centaur warriors
  A ghost crab (Swamp:4)
  A death knight (D:15)
  9 alligators
  4 ice dragons
  3 ironbound frosthearts
  2 ogre magi (D:15)
  7 anacondas
  2 catoblepae
  5 tengu warriors
  2 boulder beetles
  12 dancing weapons
  A death scarab (Depths:3)
  2 deep troll shamans (Depths:4)
  6 two-headed ogres
  8 naga sharpshooters
  4 vampire magi
  17 naga warriors
  2 thrashing horrors (Abyss:2)
  2 shock serpents
  4 deep troll earth magi
  13 deep elf knights
  4 orc high priests
  2 spriggan berserkers
  A storm dragon zombie (Crypt:3)
  A titan skeleton (Crypt:3)
  2 skysharks (Lair:4)
  3 soul eaters
  2 sun demons
  5 salamander mystics
  15 mana vipers
  4 iron trolls
  A death drake (Swamp:4)
  6 skeletal warriors
  A goliath frog (Swamp:4)
  5 deep trolls
  A spriggan druid (Swamp:2)
  2 bog bodies (Swamp:2)
  4 naga ritualists
  A swamp dragon (shapeshifter) (D:13)
  Pikel (D:8)
  An orange crystal statue (D:11)
  2 arcanists
  8 swamp dragons
  4 necromancers
  6 lindwurms
  4 orc knights
  An iron giant skeleton (Crypt:2)
  5 ironbound convokers
  6 deep elf archers
  9 phantasmal warriors
  16 deep elf pyromancers
  3 thermic dynamos
  An iron dragon zombie (Vaults:4)
  A shadow dragon skeleton (Crypt:1)
  18 deep elf zephyrmancers
  3 orc sorcerers (Orc:2)
  12 salamanders
  2 wolf spiders (Lair:1)
  3 cyclopes
  28 ugly things
  10 elephants
  A worldbinder (Abyss:2)
  A centaur zombie (Crypt:3)
  A moth of wrath (Zot:1)
  3 manticores
  6 will-o-the-wisps
  A naga zombie (Crypt:3)
  11 naga magi
  3 vault sentinels
  6 kobold blastminers
  2 molten gargoyles (Lair:5)
  31 black mambas
  6 guardian serpents
  A torpor snail (Lair:5)
  2 smoke demons
  An ice statue (Lair:5)
  An unseen horror (D:12)
  A large abomination (Abyss:2)
  9 cane toads
  2 freezing wraiths
  A catoblepas zombie (Crypt:1)
  2 rime drakes
  A yaktaur (Vaults:4)
  2 tengu conjurers
  9 komodo dragons
  3 kobold demonologists (D:12)
  A green draconian skeleton (Crypt:1)
  A red devil (Gauntlet)
  2 guardian mummies (Crypt:3)
  A hydra zombie (Crypt:1)
  A golden dragon simulacrum (Zot:1)
  7 trolls
  A harpy zombie (Crypt:3)
  7 hornets
  3 hellwings (Crypt:3)
  7 blink frogs
  Prince Ribbit (D:7)
  A raiju (Abyss:2)
  4 tyrant leeches
  A draconian simulacrum (Zot:1)
  An ettin zombie (Crypt:3)
  3 air elementals
  3 slime creatures (D:11)
  3 jumping spiders (Crypt:3)
  19 yaks
  A shadow (D:12)
  A spriggan (Depths:2)
  3 ynoxinuls (Abyss:2)
  6 wraiths
  A water elemental (Elf:1)
  A yak (shapeshifter) (D:13)
  A fire elemental (Elf:2)
  A hog (shapeshifter) (D:13)
  5 wyverns
  A basilisk (D:8)
  A warg (Orc:2)
  9 vampire mosquitoes
  A steam dragon (Lair:5)
  Menkaure (D:4)
  13 swamp worms
  29 nagas
  A swamp worm (shapeshifter) (Depths:1)
  16 nameless horrors
  A hell hound (Lair:5)
  13 water moccasins
  5 swamp drakes (Swamp:4)
  39 orc warriors
  5 ice beasts (Lair:5)
  A sky beast (shapeshifter) (D:14)
  A sky beast (D:8)
  2 black bears
  9 laughing skulls
  13 ogres
  6 wolves
  5 centaurs
  A blink frog skeleton (Crypt:2)
  A phantom (D:5)
  2 lemures (D:8)
  2 kobold brigands (D:12)
  8 bullfrogs
  3 scorpions
  A cyclops zombie (Crypt:2)
  2 small abominations (Abyss:2)
  2 wyvern skeletons (Crypt:3)
  2 killer bees (D:9)
  A howler monkey (D:8)
  A lava snake (Lair:5)
  2 jellies
  19 orc priests
  3 hounds
  5 iguanas
  15 orc wizards
  A mummy (Crypt:3)
  3 gnolls
  2 adders
  2 white imps
  3 ufetubi
  67 orcs
  4 ball pythons
  2 endoplasms
  7 giant cockroaches
  6 goblins
  3 hobgoblins (D:3)
  10 kobolds
  2 quokkas (D:3)
  A bat (D:3)
  3 frilled lizards
  A gnoll skeleton (Crypt:1)
  An orc zombie (Crypt:2)
  A rat (D:1)
1098 creatures vanquished.

Vanquished Creatures (collateral kills)
  3 orbs of fire (Zot:5)
  7 dread liches (Zot:5)
  Boris (Depths:4)
  Josephina (Zot:1)
  Parghit (Zot:4)
  3 Killer Klowns
  A shard shrike (Depths:3)
  3 curse toes
  5 caustic shrikes
  7 golden dragons
  Jory (Vaults:2)
  A bone dragon (Depths:4)
  Jorgrun (Elf:2)
  2 hellephants (Depths:3)
  The ghost of Qoas the Severer, an adept GnCA of Ignis (Vaults:4)
  2 electric golems
  2 iron giants (Depths:3)
  16 Orb Guardians (Zot:5)
  14 tentacled monstrosities
  A deep elf blademaster (Elf:3)
  Asterion (Vaults:3)
  A lich (Depths:1)
  A deep elf master archer (Elf:3)
  2 quicksilver dragons
  A titan (Depths:3)
  An eldritch tentacle (Zot:5)
  9 death cobs
  4 storm dragons
  6 shadow dragons
  A tentacled starspawn (Abyss:2)
  5 fire giants
  A tengu reaver (Depths:2)
  A thorn hunter (Swamp:4)
  2 protean progenitors (Zot:5)
  8 frost giants
  10 vault wardens
  3 draconian knights
  3 draconian monks
  A demonspawn warmonger (Depths:3)
  2 balrugs
  4 draconian shifters
  3 deep elf elementalists (Elf:3)
  4 draconian scorchers
  4 deep elf sorcerers (Elf:3)
  A ghost moth (Zot:1)
  4 draconian stormcallers
  3 cacodemons (Vaults:4)
  3 reapers (Crypt:3)
  3 ghouls (Crypt:2)
  11 very ugly things
  A demonspawn corrupter (Depths:3)
  A caustic shrike skeleton (Crypt:1)
  7 ironbound thunderhulks
  A demonspawn blood saint (D:4)
  7 green draconians
  11 ironbound preservers
  A vampire knight (Depths:4)
  A rockslime zombie (Crypt:1)
  10 stone giants
  2 deep elf demonologists (Elf:3)
  5 yellow draconians
  5 deep elf death magi
  4 war gargoyles
  6 red draconians
  10 black draconians
  A spark wasp (Depths:4)
  3 deep elf annihilators (Elf:3)
  6 purple draconians
  6 white draconians
  12 dire elephants
  5 eidola
  5 crystal guardians
  6 fire dragons
  A mummy priest (Crypt:3)
  A jiangshi (Crypt:1)
  4 ettins
  5 yaktaur captains
  2 deep elf high priests (Elf:3)
  A rakshasa (Abyss:2)
  2 ice dragons
  An ogre mage (D:15)
  4 peacekeepers
  2 spriggan zombies (Crypt:3)
  2 hydras
  2 spriggan air magi
  Erolcha (D:12)
  2 salamander tyrants (Snake:4)
  Erica (D:8)
  3 spriggan skeletons (Crypt:3)
  2 radroaches (Zot:5)
  6 two-headed ogres
  11 vault guards
  A death knight (Abyss:2)
  7 ironbound frosthearts
  10 centaur warriors
  An alligator (Swamp:1)
  An anaconda (Snake:3)
  12 dancing weapons
  A boulder beetle (Vaults:3)
  3 deep troll earth magi
  3 tengu warriors
  A death yak (D:8)
  A deep troll shaman (Depths:3)
  A vampire mage (Depths:3)
  A thrashing horror (Abyss:2)
  3 orc high priests
  A naga sharpshooter (Snake:4)
  An occultist (Depths:1)
  4 sun demons
  4 deep elf knights
  5 naga warriors
  A storm dragon zombie (Crypt:1)
  A titan skeleton (Crypt:3)
  A salamander mystic (Snake:3)
  A sixfirhy (Abyss:2)
  An iron troll (Depths:4)
  A quicksilver dragon simulacrum (Zot:1)
  3 soul eaters (Crypt:3)
  6 skeletal warriors
  A spriggan druid (Swamp:2)
  A bunyip zombie (Crypt:3)
  A shadow demon (Depths:3)
  5 arcanists
  2 flayed ghosts
  A storm dragon skeleton (Crypt:1)
  2 mana vipers (Snake:3)
  A naga ritualist (Snake:3)
  A swamp dragon (Swamp:4)
  2 bunyip skeletons (Crypt:3)
  11 deep trolls
  5 deep elf archers
  2 ironbound convokers
  5 lindwurms
  5 bog bodies (Crypt:2)
  4 large abominations (Abyss:2)
  A thermic dynamo (Elf:3)
  11 deep elf pyromancers
  2 wolf spiders (Crypt:3)
  11 orc knights
  A broodmother zombie (Crypt:1)
  8 phantasmal warriors
  2 orc sorcerers
  12 necromancers
  A cyclops (D:12)
  8 deep elf zephyrmancers
  7 salamanders
  25 ugly things
  A manticore (D:15)
  11 moths of wrath
  A centaur zombie (Crypt:3)
  3 meliai (Gauntlet)
  3 elephants
  An eleionoma skeleton (Crypt:1)
  13 vault sentinels
  5 guardian serpents
  A stone giant skeleton (Crypt:3)
  A dire elephant zombie (Crypt:3)
  An apocalypse crab (Abyss:2)
  A guardian serpent (shapeshifter) (Elf:3)
  9 naga magi
  2 black mambas
  2 kobold blastminers (Orc:1)
  4 smoke demons
  5 cane toads
  A centaur skeleton (Crypt:1)
  Maggie (D:10)
  13 yaktaurs
  An unseen horror (D:11)
  2 tengu conjurers
  An efreet (D:15)
  2 ice devils
  2 freezing wraiths
  5 komodo dragons
  A human skeleton (Vaults:4)
  A troll (D:11)
  A harpy zombie (Crypt:3)
  A pale draconian skeleton (Crypt:2)
  A hydra zombie (Crypt:3)
  A queen bee (shapeshifter) (Elf:3)
  7 hornets
  10 hellwings (Crypt:3)
  4 nameless horrors
  3 merfolk (Zot:3)
  A tyrant leech (Swamp:3)
  8 blink frogs
  A slime creature (D:11)
  3 jumping spiders (Crypt:3)
  4 spriggans (Depths:2)
  A wind drake zombie (Crypt:1)
  An air elemental (Elf:3)
  A shadow (D:11)
  A ynoxinul (Depths:2)
  7 wraiths
  10 yaks
  A warg (Orc:2)
  3 redbacks (Crypt:3)
  A neqoxec (Abyss:2)
  6 basilisks
  2 vampire mosquitoes (D:12)
  A small abomination (Abyss:2)
  A white draconian simulacrum (Zot:1)
  A swamp worm (Lair:2)
  14 nagas
  An acid dragon (D:11)
  5 water moccasins
  4 hell hounds (Lair:5)
  A naga skeleton (Crypt:3)
  5 swamp drakes
  4 ice beasts (Lair:5)
  8 laughing skulls (Crypt:2)
  13 orc warriors
  3 ogres
  3 wolves
  4 centaurs
  A centaur (shapeshifter) (D:13)
  A lindwurm skeleton (Crypt:2)
  A swamp dragon skeleton (Crypt:2)
  2 lemures (D:8)
  2 weeping skulls (Abyss:2)
  7 bullfrogs
  2 kobold brigands
  2 earth elementals (Elf:3)
  2 gnoll sergeants
  A human zombie (Vaults:4)
  3 wyvern skeletons (Crypt:3)
  4 wights (D:9)
  2 killer bees (D:9)
  A troll skeleton (Crypt:2)
  2 howler monkeys (D:8)
  4 lava snakes (Lair:5)
  3 crimson imps (Gauntlet)
  3 hounds
  13 orc priests
  A bombardier beetle (D:7)
  A jelly (D:8)
  A gnoll bouda (D:4)
  An iron imp (Abyss:2)
  7 orc wizards
  A boggart zombie (Crypt:1)
  3 naga zombies
  9 gnolls
  3 adders (D:4)
  A shadow imp (D:8)
  5 white imps
  An ufetubus (Abyss:2)
  4 ribbon worms
  38 orcs
  2 ball pythons (D:1)
  3 endoplasms
  8 giant cockroaches
  7 goblins
  5 hobgoblins
  2 quokkas
  3 bats
  A frilled lizard (D:3)
  13 kobolds
  An aspiring flesh (Zot:5)
977 creatures vanquished.

Vanquished Creatures (others)
  A dread lich (Crypt:3)
  A titan (Depths:3)
  36 eldritch tentacles
  A fire giant (Depths:3)
  A vault warden (Vaults:1)
  A deep elf elementalist (Elf:3)
  4 ironbound thunderhulks
  2 formless jellyfish
  A blizzard demon (D:1)
  A fire dragon (Depths:4)
  2 yaktaur captains
  9 great orbs of eyes
  A hydra (Vaults:1)
  A vault guard (Vaults:1)
  An ironbound frostheart (Vaults:1)
  A centaur warrior (Vaults:1)
  A two-headed ogre (D:15)
  2 tengu warriors (Depths:3)
  3 deep elf knights
  2 glowing orange brains (Vaults:4)
  A large abomination (Abyss:2)
  An arcanist (Vaults:4)
  2 lindwurms (Vaults:2)
  4 ironbound convokers
  A harpy (Vaults:1)
  A steelbarb worm (shapeshifter) (Vaults:4)
  A necromancer (Vaults:1)
  A glass eye (Depths:2)
  3 deep elf zephyrmancers (Elf:1)
  A deep elf pyromancer (Elf:3)
  An eye of devastation (Abyss:2)
  A will-o-the-wisp (Swamp:3)
  2 moths of wrath
  An eye of devastation (shapeshifter) (Vaults:4)
  An elephant (shapeshifter) (Elf:3)
  4 vault sentinels (Vaults:1)
  A naga mage (Snake:3)
  An unseen horror (shapeshifter) (Vaults:4)
  A rime drake (shapeshifter) (Vaults:4)
  A komodo dragon (shapeshifter) (Vaults:4)
  An ancient zyme (Abyss:2)
  5 yaktaurs
  2 tengu conjurers
  3 bloated husks
  A polar bear (shapeshifter) (Vaults:4)
  A glass eye (shapeshifter) (Vaults:4)
  22 slime creatures
  A golden eye (shapeshifter) (Vaults:4)
  3 golden eyes (Abyss:2)
  A swamp worm (shapeshifter) (Vaults:4)
  A swamp drake (Swamp:4)
  3 ogres
  2 wyvern skeletons (Crypt:3)
  A shapeshifter zombie (Crypt:2)
  424 jellies
  A crimson imp (Abyss:2)
  8 orc priests
  A jelly (shapeshifter) (Vaults:4)
  5 orc wizards
  13 orcs
  3 kobolds (D:12)
  79 blazeheart cores
  14 foxfires
  3 starspawn tentacles (Abyss:2)
700 creatures vanquished.

Grand Total: 2775 creatures vanquished

Notes
Turn   | Place    | Note
-------+----------+-------------------------------------------
     0 | D:1      | AutarchDCSS the Draconian Summoner began the quest for the
                  | Orb.
     0 | D:1      | Reached XP level 1. HP: 14/14 MP: 3/3
   325 | D:1      | Reached XP level 2. HP: 20/20 MP: 1/5
   329 | D:1      | Learned a level 2 spell: Call Imp
  1369 | D:2      | Reached XP level 3. HP: 20/26 MP: 2/6
  2079 | D:3      | Reached skill level 5 in Summonings
  2079 | D:3      | Reached XP level 4. HP: 33/33 MP: 3/8
  2132 | D:3      | Learned a level 3 spell: Call Canine Familiar
  2500 | D:3      | Identified the +0 cloak of Susk {Fly rCorr}
  2615 | D:3      | Reached XP level 5. HP: 38/38 MP: 4/9
  2988 | D:3      | Reached skill level 6 in Summonings
  3077 | D:3      | Reached skill level 1 in Fighting
  3287 | D:4      | Noticed an ogre
  3492 | D:4      | Reached XP level 6. HP: 24/51 MP: 1/10
  3775 | D:4      | Noticed Menkaure
  4030 | D:4      | Killed Menkaure
  4031 | D:4      | Reached skill level 5 in Fighting
  4195 | D:4      | Your scales start taking on a rich purple colour.
  4195 | D:4      | Reached XP level 7. HP: 59/62 MP: 7/12
  4461 | D:4      | Reached skill level 1 in Short Blades
  5017 | D:5      | Entered Level 5 of the Dungeon
  5836 | D:5      | Reached skill level 5 in Short Blades
  5836 | D:5      | Reached XP level 8. HP: 70/70 MP: 8/13
  6255 | D:6      | Identified the +4 flail of Huerph {protect, Dex+2}
  6558 | D:6      | Reached skill level 5 in Spellcasting
  6671 | D:7      | Reached skill level 7 in Summonings
  6978 | D:7      | Noticed Prince Ribbit
  6997 | D:7      | Killed Prince Ribbit
  7031 | D:7      | Learned a level 4 spell: Summon Lightning Spire
  8033 | D:7      | Found a staircase to the Ecumenical Temple.
  8042 | Temple   | Entered the Ecumenical Temple
  8088 | Temple   | Became a worshipper of Elyvilon the Healer
  8216 | D:8      | Reached XP level 9. HP: 70/75 MP: 18/18
  8250 | D:8      | Reached skill level 8 in Summonings
  8499 | D:8      | Noticed Pikel
  8563 | D:8      | Killed Pikel
  8570 | D:8      | Reached skill level 1 in Fire Magic
  8579 | D:8      | Noticed a death yak
  8598 | D:8      | Killed a death yak
  8696 | D:8      | Was placed under penance by Elyvilon
  8746 | D:8      | Learned a level 4 spell: Summon Blazeheart Golem
  8789 | D:8      | Noticed an elephant
  8830 | D:7      | Killed an elephant
  8831 | D:7      | Reached XP level 10. HP: 51/83 MP: 17/20
  9043 | D:8      | Found Uqoonu's CLEARANCE SALE!.
  9068 | D:8      | Bought a scroll of identify for 6 gold pieces
  9549 | D:8      | Noticed Erica
  9557 | D:8      | Killed Erica
  9632 | D:8      | Found a staircase to the Lair.
  9878 | D:9      | Found a glowing silver altar of Zin.
  9971 | D:9      | Noticed a two-headed ogre
  9980 | D:9      | Killed a two-headed ogre
  9981 | D:9      | Reached skill level 10 in Short Blades
 10251 | D:9      | Was forgiven by Elyvilon
 10718 | D:9      | Found a staircase to the Orcish Mines.
 11524 | D:9      | Found a blossoming altar of Fedhas.
 11524 | D:9      | Found a snail-covered altar of Cheibriados.
 11628 | D:10     | Entered Level 10 of the Dungeon
 11768 | D:10     | Reached * piety under Elyvilon
 12017 | D:10     | Reached XP level 11. HP: 81/92 MP: 22/22
 12170 | D:10     | Noticed a two-headed ogre
 12190 | D:10     | Killed a two-headed ogre
 12578 | D:10     | Noticed Maggie
 12590 | D:10     | Killed Maggie
 13246 | D:10     | Noticed a two-headed ogre
 13259 | D:10     | Killed a two-headed ogre
 13260 | D:10     | Reached skill level 9 in Summonings
 14114 | D:11     | Reached skill level 10 in Summonings
 14201 | D:11     | Reached ** piety under Elyvilon
 14216 | D:11     | Found a runed translucent door.
 14232 | D:11     | Found a runed translucent door.
 14245 | D:11     | Found a runed translucent door.
 14258 | D:11     | Found a runed translucent door.
 14274 | D:11     | Noticed an orange crystal statue
 14477 | Lair:1   | Entered Level 1 of the Lair of Beasts
 14631 | Lair:1   | Reached skill level 5 in Dodging
 14913 | Lair:1   | Noticed a wolf spider
 14913 | Lair:1   | Noticed a wolf spider
 14923 | Lair:1   | Killed a wolf spider
 14932 | Lair:1   | Killed a wolf spider
 15009 | Lair:1   | Reached *** piety under Elyvilon
 15035 | Lair:1   | Reached skill level 10 in Fighting
 15035 | Lair:1   | Reached XP level 12. HP: 88/106 MP: 24/24
 15190 | Lair:1   | Identified the ring of Nulamuo {AC+4 Str+4}
 16136 | Lair:2   | Found a staircase to the Swamp.
 16326 | Lair:2   | Reached **** piety under Elyvilon
 16350 | Lair:2   | Noticed a catoblepas
 16369 | Lair:2   | Killed a catoblepas
 16639 | Lair:2   | Identified a scroll of acquirement
 16639 | Lair:2   | Acquired a +0 double sword of flaming
 16670 | Lair:2   | Found a staircase to the Snake Pit.
 16818 | Lair:2   | Noticed an eight-headed hydra
 16830 | Lair:2   | Killed an eight-headed hydra
 16831 | Lair:2   | Reached skill level 1 in Long Blades
 17292 | Lair:3   | Noticed Rupert
 17315 | Lair:3   | Killed Rupert
 17316 | Lair:3   | Reached skill level 5 in Long Blades
 17316 | Lair:3   | Reached XP level 13. HP: 28/117 MP: 18/25
 17827 | Lair:3   | Reached ***** piety under Elyvilon
 17948 | Lair:4   | Found a staircase to the Slime Pits.
 17948 | Lair:4   | Found a viscous altar of Jiyva.
 18066 | Lair:4   | Found a gate leading to a gauntlet.
 18075 | Gauntlet | Entered a Gauntlet
 18075 | Gauntlet | Found a transporter.
 18075 | Gauntlet | Found a transporter.
 18080 | Gauntlet | Found a transporter.
 18097 | Gauntlet | Found a transporter.
 18116 | Gauntlet | Found a transporter.
 18129 | Gauntlet | Found a transporter.
 18226 | Gauntlet | Found a transporter.
 18226 | Gauntlet | Found a transporter.
 18238 | Gauntlet | Found a transporter.
 18246 | Gauntlet | Found a transporter.
 18249 | Gauntlet | Found a transporter.
 18249 | Gauntlet | Found a transporter.
 18282 | Gauntlet | Found a transporter.
 18300 | Gauntlet | Found a transporter.
 18345 | Gauntlet | Found a transporter.
 18360 | Gauntlet | Found a transporter.
 18465 | Gauntlet | HP: 3/117 [tengu conjurer/bolt of lightning (14)]
 18902 | Gauntlet | Identified the ring "Zuisaer" {rCorr Dex+7 Stlth-}
 19000 | Gauntlet | Identified the +2 helmet of Tomorrow {rC+}
 19107 | Gauntlet | Noticed a minotaur
 19121 | Gauntlet | Killed a minotaur
 19478 | Lair:4   | Reached skill level 10 in Long Blades
 19496 | Lair:4   | Reached skill level 1 in Shapeshifting
 20007 | Lair:4   | Fell from the grace of Elyvilon
 20007 | Lair:4   | Became a worshipper of Jiyva Jubyanu the Shapeless
 20356 | Lair:5   | Entered Level 5 of the Lair of Beasts
 21384 | Lair:5   | Reached XP level 14. HP: 108/125 MP: 26/26
 21669 | Lair:5   | Reached skill level 5 in Shapeshifting
 22115 | Lair:5   | Identified the ring of Qevut {Wiz Str+4}
 22190 | Lair:5   | Found a large runed translucent door.
 22190 | Lair:5   | Found a large runed translucent door.
 22863 | D:12     | Reached * piety under Jiyva
 22896 | D:12     | Noticed Erolcha
 22905 | D:12     | Killed Erolcha
 23293 | D:12     | Found a portal to a secret trove of treasure.
 23371 | D:12     | Reached ** piety under Jiyva
 24591 | D:13     | Identified the ring "Jimor" {Wiz ^Contam +Blink MP-9 Str+8}
 24705 | D:13     | Reached skill level 1 in Shields
 24911 | D:13     | Found a gate to the Vaults.
 25594 | D:13     | Found a glowing silver altar of Zin.
 25931 | D:13     | Reached *** piety under Jiyva
 26410 | Orc:1    | Entered Level 1 of the Orcish Mines
 26502 | Orc:1    | Gained mutation: Your translucent skin slightly reduces
                  | your foes' accuracy. (Stealth+) [Jiyva's grace]
 26502 | Orc:1    | Gained mutation: Your translucent skin reduces your foes'
                  | accuracy. (Stealth+) [Jiyva's grace]
 26502 | Orc:1    | Gained mutation: Your transparent skin significantly
                  | reduces your foes' accuracy. (Stealth+) [Jiyva's grace]
 26502 | Orc:1    | Gained mutation: You have hidden genetic potential.
                  | [Jiyva's grace]
 26743 | Orc:1    | Found Mobobaq's Antique Weapon Boutique.
 26821 | Orc:2    | Entered Level 2 of the Orcish Mines
 27139 | Orc:2    | Reached skill level 5 in Shields
 27564 | Orc:2    | Reached **** piety under Jiyva
 27617 | Orc:2    | Identified the +7 battleaxe of the Thirteen Brambles
                  | {spect, rN+ Stlth+}
 27687 | Orc:2    | Found a staircase to the Elven Halls.
 27852 | Orc:2    | Found a roughly hewn altar of Beogh.
 27865 | Orc:2    | Reached skill level 10 in Shapeshifting
 27865 | Orc:2    | Reached XP level 15. HP: 110/130 MP: 23/27
 27963 | Orc:2    | Found Xixtibuth's General Store.
 27978 | Orc:2    | Found Niamnaon's Armour Shoppe.
 28313 | Orc:2    | Found Amnex's General Store.
 28341 | Orc:2    | Found a roughly hewn altar of Beogh.
 28506 | Orc:2    | Found Amiruof's Antique Armour Boutique.
 29452 | D:14     | Reached ***** piety under Jiyva
 29465 | D:14     | Reached skill level 10 in Dodging
 29771 | D:15     | Entered Level 15 of the Dungeon
 30185 | D:15     | Lost mutation: Your transparent skin significantly reduces
                  | your foes' accuracy. (Stealth+) [Jiyva's grace]
 30185 | D:15     | Lost mutation: Your translucent skin reduces your foes'
                  | accuracy. (Stealth+) [Jiyva's grace]
 30185 | D:15     | Lost mutation: Your translucent skin slightly reduces your
                  | foes' accuracy. (Stealth+) [Jiyva's grace]
 30185 | D:15     | Gained mutation: You have a small jelly attached to you
                  | that senses nearby items. [Jiyva's grace]
 30185 | D:15     | Gained mutation: You have acidic saliva. [Jiyva's grace]
 30185 | D:15     | Gained mutation: You have a beak for a mouth. [Jiyva's
                  | grace]
 30185 | D:15     | Gained mutation: You are agile. (Dex +4, Str/Int -1)
                  | [Jiyva's grace]
 30287 | D:15     | Gained mutation: You expend magic power (3 MP) to
                  | strengthen your wands. [hidden potential]
 30373 | D:15     | Found a sacrificial altar of Ru.
 30556 | D:15     | Found a staircase to the Depths.
 30561 | D:15     | Noticed a storm dragon
 31113 | Snake:1  | Entered Level 1 of the Snake Pit
 31380 | Snake:1  | Got Misiel's Teachings on the Boulder
 31983 | Snake:1  | Reached ****** piety under Jiyva
 32142 | Slime:1  | Entered Level 1 of the Pits of Slime
 32142 | Slime:1  | Noticed a rockslime
 32173 | Slime:1  | Noticed a rockslime
 32184 | Slime:1  | Noticed an azure jelly
 32386 | Slime:2  | Noticed an acid blob
 32567 | Slime:3  | Noticed an acid blob
 32622 | Slime:3  | Noticed an azure jelly
 32765 | Slime:4  | Noticed a rockslime
 32965 | Slime:5  | Entered Level 5 of the Pits of Slime
 32965 | Slime:5  | Noticed an acid blob
 32974 | Slime:5  | Noticed an acid blob
 33005 | Slime:5  | Noticed an acid blob
 33016 | Slime:5  | Noticed a rockslime
 33016 | Slime:5  | Noticed an acid blob
 33021 | Slime:5  | Noticed an azure jelly
 33027 | Slime:5  | Noticed an acid blob
 33030 | Slime:5  | Noticed a rockslime
 33031 | Slime:5  | Noticed an acid blob
 33032 | Slime:5  | Noticed an acid blob
 33038 | Slime:5  | Noticed an acid blob
 33044 | Slime:5  | Found a viscous altar of Jiyva.
 33047 | Slime:5  | Noticed the Royal Jelly
 33053 | Slime:5  | Found the amulet of the Air {Inacc Air Fly rElec RMsl}
 33054 | Slime:5  | Identified the ring of Mistrust {rF+ Str+6 Int+2 Stlth+}
 33059 | Slime:5  | Identified the +2 sling of Gloom {elec, rN+ Dex+6}
 33061 | Slime:5  | Got the Quarto of Dislocation
 33066 | Slime:5  | Got the Directory of Allied Subspace
 33068 | Slime:5  | Identified the amulet "Itwirin" {Spirit Fly rF+ Will+ MP+9}
 33069 | Slime:5  | Identified the orb of the Ego {light, rC- Str+3}
 33076 | Slime:5  | Identified the +12 rapier "Izuos" {drain, rPois rCorr MP-9
                  | SInv}
 33078 | Slime:5  | Got a slimy rune of Zot
 33079 | Slime:5  | Identified the +1 ring mail "Uxees" {rC+++ Str+4 Int+3}
 33180 | Slime:5  | Noticed an acid blob
 33207 | Slime:5  | Noticed an azure jelly
 33244 | Slime:5  | Noticed an acid blob
 34131 | Snake:2  | Found Gekhluog's Weapon Shop.
 34134 | Snake:2  | Lost mutation: You have hidden genetic potential. [Jiyva's
                  | grace]
 34134 | Snake:2  | Gained mutation: You have a somewhat thin skeletal
                  | structure. (Dex +2, Stealth+) [Jiyva's grace]
 34134 | Snake:2  | Gained mutation: You have a moderately thin skeletal
                  | structure. (Dex +4, Stealth++) [Jiyva's grace]
 34134 | Snake:2  | Gained mutation: You have an unnaturally thin skeletal
                  | structure. (Dex +6, Stealth+++) [Jiyva's grace]
 34134 | Snake:2  | Gained mutation: You are covered in slimy tendrils that may
                  | disarm your opponents. [Jiyva's grace]
 34139 | Snake:2  | Found Wurapiabby's Weapon Shop.
 34321 | Snake:2  | Identified the +6 quarterstaff "Hunuod" {heavy, rF++}
 34488 | Snake:2  | Reached XP level 16. HP: 139/139 MP: 28/28
 34577 | Snake:2  | Identified the serpent talisman of Peek-a-Boo {Dex+6}
 34577 | Snake:2  | Noticed Aizul
 34584 | Snake:2  | Killed Aizul
 35149 | Snake:3  | Reached skill level 1 in Evocations
 35849 | Snake:3  | Reached skill level 5 in Evocations
 36384 | Snake:3  | Found Fusiuq's Distillery.
 36387 | Snake:3  | Found Cut Ozeu's Weapon Emporium.
 36387 | Snake:3  | Found Jadu's Magic Scroll Shoppe.
 36390 | Snake:3  | Found Suothoaw's Distillery.
 36998 | Snake:4  | Entered Level 4 of the Snake Pit
 38021 | Snake:4  | Reached XP level 17. HP: 154/154 MP: 29/29
 38139 | Snake:4  | Found Oxzy's Weapon Shop.
 38592 | Snake:4  | Reached skill level 11 in Summonings
 38620 | Snake:4  | Lost mutation: You have an unnaturally thin skeletal
                  | structure. (Dex +6, Stealth+++) [Jiyva's grace]
 38620 | Snake:4  | Lost mutation: You have acidic saliva. [Jiyva's grace]
 38620 | Snake:4  | Gained mutation: Your flesh is cold resistant. (rC+)
                  | [Jiyva's grace]
 38620 | Snake:4  | Gained mutation: Your flesh is very cold resistant. (rC++)
                  | [Jiyva's grace]
 38620 | Snake:4  | Gained mutation: Your flesh is almost immune to the effects
                  | of cold. (rC+++) [Jiyva's grace]
 38620 | Snake:4  | Gained mutation: You have a small jelly attached to you
                  | that may absorb projectiles. [Jiyva's grace]
 39001 | Snake:4  | Reached skill level 10 in Spellcasting
 39515 | Snake:4  | Got a serpentine rune of Zot
 39858 | Swamp:1  | Entered Level 1 of the Swamp
 40447 | Swamp:2  | Reached skill level 12 in Summonings
 41822 | Swamp:4  | Entered Level 4 of the Swamp
 41836 | Swamp:4  | Reached skill level 13 in Summonings
 42419 | Swamp:3  | Upgraded the game from 0.32-a0-643-ga006e7742e to
                  | 0.32-a0-656-g3542139ebd
 42523 | Swamp:4  | Reached skill level 14 in Summonings
 42570 | Swamp:4  | Reached XP level 18. HP: 161/161 MP: 34/34
 42620 | Swamp:4  | Lost mutation: You have a moderately thin skeletal
                  | structure. (Dex +4, Stealth++) [Jiyva's grace]
 42620 | Swamp:4  | Lost mutation: You have a somewhat thin skeletal structure.
                  | (Dex +2, Stealth+) [Jiyva's grace]
 42620 | Swamp:4  | Lost mutation: You are agile. (Dex +4, Str/Int -1) [Jiyva's
                  | grace]
 42620 | Swamp:4  | Lost mutation: Your flesh is almost immune to the effects
                  | of cold. (rC+++) [Jiyva's grace]
 42620 | Swamp:4  | Lost mutation: You have a small jelly attached to you that
                  | may absorb projectiles. [Jiyva's grace]
 42620 | Swamp:4  | Lost mutation: You expend magic power (3 MP) to strengthen
                  | your wands. [Jiyva's grace]
 42620 | Swamp:4  | Gained mutation: You have acidic saliva. [Jiyva's grace]
 42620 | Swamp:4  | Gained mutation: Your translucent skin slightly reduces
                  | your foes' accuracy. (Stealth+) [Jiyva's grace]
 42620 | Swamp:4  | Gained mutation: Your translucent skin reduces your foes'
                  | accuracy. (Stealth+) [Jiyva's grace]
 42620 | Swamp:4  | Gained mutation: Your transparent skin significantly
                  | reduces your foes' accuracy. (Stealth+) [Jiyva's grace]
 42804 | Swamp:4  | Got a decaying rune of Zot
 43404 | Slime:5  | Learned a level 7 spell: Monstrous Menagerie
 43404 | Slime:5  | Acquired Kang's Precepts of Windswept Accompaniment
 43709 | Elf:1    | Entered Level 1 of the Elven Halls
 43818 | Elf:1    | Reached skill level 15 in Summonings
 44445 | Elf:1    | Reached skill level 16 in Summonings
 44648 | Elf:2    | Paralysed by an air elemental for 1 turns
 44720 | Elf:2    | Found Kacak's Antique Armour Emporium.
 44788 | Elf:2    | Found Nyxeseol's Weapon Shop.
 44885 | Elf:2    | Found a runed translucent gate.
 44885 | Elf:2    | Found a runed translucent gate.
 44885 | Elf:2    | Found a runed translucent gate.
 44999 | Elf:2    | Reached skill level 17 in Summonings
 45243 | Elf:2    | Learned a level 7 spell: Summon Hydra
 45256 | Elf:2    | Noticed Jorgrun
 45273 | Elf:2    | Killed Jorgrun
 45431 | Elf:2    | Lost mutation: You have a beak for a mouth. [Jiyva's grace]
 45431 | Elf:2    | Lost mutation: Your transparent skin significantly reduces
                  | your foes' accuracy. (Stealth+) [Jiyva's grace]
 45431 | Elf:2    | Lost mutation: You are covered in slimy tendrils that may
                  | disarm your opponents. [Jiyva's grace]
 45431 | Elf:2    | Gained mutation: You have a small jelly attached to you
                  | that may absorb projectiles. [Jiyva's grace]
 45431 | Elf:2    | Gained mutation: Your spells are a little harder to cast,
                  | but a little more powerful. [Jiyva's grace]
 45431 | Elf:2    | Gained mutation: Your spells are harder to cast, but more
                  | powerful. [Jiyva's grace]
 45431 | Elf:2    | Gained mutation: Your spells are much harder to cast, but
                  | much more powerful. [Jiyva's grace]
 45743 | Elf:3    | Entered Level 3 of the Elven Halls
 45748 | Elf:3    | Reached skill level 18 in Summonings
 46456 | Vaults:1 | Entered Level 1 of the Vaults
 46653 | Vaults:1 | Reached XP level 19. HP: 168/168 MP: 17/35
 46726 | Vaults:1 | Identified the +1 shortbow "Hinips" {flame, rN+ Dex+3}
 47179 | Vaults:1 | Found Huph's Weapon Boutique.
 47312 | Vaults:1 | Reached skill level 19 in Summonings
 47500 | Vaults:1 | Found Fagid's Assorted Antiques.
 48221 | Vaults:2 | Identified the +4 ring mail of the Dwarven Hall {Harm
                  | rCorr}
 48267 | Vaults:2 | Reached skill level 20 in Summonings
 48570 | Vaults:2 | Lost mutation: Your flesh is very cold resistant. (rC++)
                  | [Jiyva's grace]
 48570 | Vaults:2 | Gained mutation: Your flesh is very cold resistant. (rC++)
                  | [Jiyva's grace]
 48570 | Vaults:2 | Gained mutation: Your flesh is almost immune to the effects
                  | of cold. (rC+++) [Jiyva's grace]
 48570 | Vaults:2 | Gained mutation: You have sharp fingernails. [Jiyva's
                  | grace]
 48570 | Vaults:2 | Gained mutation: You have very sharp fingernails. [Jiyva's
                  | grace]
 48599 | Vaults:2 | Noticed Jory
 48609 | Vaults:2 | Killed Jory
 49211 | Vaults:2 | Noticed a golden dragon
 49226 | Vaults:2 | Killed a golden dragon
 49417 | Vaults:2 | Found a roughly hewn altar of Beogh.
 49961 | Vaults:3 | Reached skill level 15 in Fighting
 50079 | Vaults:3 | Noticed Asterion
 50093 | Vaults:3 | Killed Asterion
 50120 | Vaults:3 | Reached XP level 20. HP: 178/178 MP: 3/38
 50603 | Vaults:3 | Found a staircase to the Crypt.
 51271 | Vaults:4 | Lost mutation: Your spells are much harder to cast, but
                  | much more powerful. [Jiyva's grace]
 51271 | Vaults:4 | Lost mutation: You have acidic saliva. [Jiyva's grace]
 51271 | Vaults:4 | Gained mutation: You possess an exceptional clarity of
                  | mind. [Jiyva's grace]
 51271 | Vaults:4 | Gained mutation: Your rubbery body absorbs attacks. (AC +1,
                  | EV +1) [Jiyva's grace]
 51271 | Vaults:4 | Gained mutation: Your pliable body absorbs attacks. (AC +2,
                  | EV +2) [Jiyva's grace]
 51271 | Vaults:4 | Gained mutation: Your gelatinous body deflects attacks. (AC
                  | +3, EV +3) [Jiyva's grace]
 51364 | Vaults:4 | Found a runed translucent gate.
 51364 | Vaults:4 | Found a runed translucent gate.
 51365 | Vaults:4 | Found a runed translucent gate.
 51698 | Vaults:4 | Reached skill level 10 in Shields
 51737 | Vaults:4 | Identified the +12 flail of Naenouth {flame, rF- rC- rN+++
                  | SInv}
 53823 | Abyss:2  | Cast into level 2 of the Abyss (a deep elf sorcerer)
 53974 | Abyss:2  | Found a corrupted altar of Lugonu.
 53984 | Abyss:2  | Lost mutation: You possess an exceptional clarity of mind.
                  | [Jiyva's grace]
 53984 | Abyss:2  | Lost mutation: Your spells are harder to cast, but more
                  | powerful. [Jiyva's grace]
 53984 | Abyss:2  | Gained mutation: Your melee attacks may engulf your foes in
                  | ooze. [Jiyva's grace]
 53984 | Abyss:2  | Gained mutation: Your system is resistant to poisons.
                  | (rPois) [Jiyva's grace]
 53984 | Abyss:2  | Gained mutation: Your transparent skin significantly
                  | reduces your foes' accuracy. (Stealth+) [Jiyva's grace]
 53984 | Abyss:2  | Gained mutation: You are agile. (Dex +4, Str/Int -1)
                  | [Jiyva's grace]
 54326 | Abyss:2  | Gained mutation: Your magical capacity is low. (-10% MP) [a
                  | neqoxec]
 54332 | Elf:3    | Escaped the Abyss
 54341 | Elf:3    | Found Lyprogua's Jewellery Emporium.
 54450 | Elf:3    | Reached XP level 21. HP: 179/180 MP: 24/35
 54901 | Elf:3    | Identified the amulet of Olontime {Faith rElec MP+9 Int+3}
 55000 | Elf:3    | Identified the +3 whip "Goblinslayer" {flame, rElec rPois
                  | Int+3}
 55347 | Elf:3    | Found the +3 pair of mountain boots {steadfast, rC+}
 55352 | Elf:3    | Identified the +1 pair of gloves of Jakhiycs {Regen+ Str+4
                  | Dex-4 Stlth+}
 55380 | Elf:3    | Identified the ring "Ecwudig" {rElec rPois rN+++ Will+
                  | Slay-4}
 55433 | Elf:3    | Got the Incunabulum of Poisonous Charms
 56188 | Crypt:1  | Entered Level 1 of the Crypt
 56605 | Crypt:1  | Found a basalt altar of Yredelemnul.
 57385 | Crypt:2  | Lost mutation: You have very sharp fingernails. [Jiyva's
                  | grace]
 57385 | Crypt:2  | Lost mutation: You have sharp fingernails. [Jiyva's grace]
 57385 | Crypt:2  | Lost mutation: Your flesh is almost immune to the effects
                  | of cold. (rC+++) [Jiyva's grace]
 57385 | Crypt:2  | Lost mutation: Your magical capacity is low. (-10% MP)
                  | [Jiyva's grace]
 57385 | Crypt:2  | Lost mutation: Your gelatinous body deflects attacks. (AC
                  | +3, EV +3) [Jiyva's grace]
 57385 | Crypt:2  | Lost mutation: Your pliable body absorbs attacks. (AC +2,
                  | EV +2) [Jiyva's grace]
 57385 | Crypt:2  | Lost mutation: Your transparent skin significantly reduces
                  | your foes' accuracy. (Stealth+) [Jiyva's grace]
 57385 | Crypt:2  | Gained mutation: Your muscles are strong. (Str +4, Int/Dex
                  | -1) [Jiyva's grace]
 57385 | Crypt:2  | Gained mutation: Your muscles are very strong. (Str +8,
                  | Int/Dex -2) [Jiyva's grace]
 57385 | Crypt:2  | Gained mutation: Your pliable body absorbs attacks. (AC +2,
                  | EV +2) [Jiyva's grace]
 57385 | Crypt:2  | Gained mutation: Your gelatinous body deflects attacks. (AC
                  | +3, EV +3) [Jiyva's grace]
 58276 | Crypt:3  | Entered Level 3 of the Crypt
 58650 | Crypt:3  | Reached skill level 15 in Dodging
 58984 | Crypt:3  | Found a staircase to the Tomb.
 59159 | Crypt:3  | Identified the staff of Faollyonnit {rPois rF+ rCorr Dex+4
                  | Fire}
 59195 | Crypt:3  | Acquired the ring of Piunto {rElec rF++ rN+ Str+3 Int-3}
 59316 | Crypt:3  | Found an ancient bone altar of Kikubaaqudgha.
 59588 | Crypt:3  | Noticed a dread lich
 59606 | Crypt:3  | Killed a dread lich
 59763 | Crypt:3  | Identified the +2 halberd of the Smoking Bear {chaos,
                  | Int+3}
 59803 | Crypt:3  | Reached XP level 22. HP: 205/205 MP: 24/40
 60355 | Crypt:3  | Identified the death talisman "Tugas" {Will+ Int+3}
 60653 | Crypt:3  | Identified the ring of Sul Veew {Fly rElec Will+ Dex+2}
 61456 | D:15     | Lost mutation: Your flesh is very cold resistant. (rC++)
                  | [Jiyva's grace]
 61456 | D:15     | Lost mutation: Your muscles are very strong. (Str +8,
                  | Int/Dex -2) [Jiyva's grace]
 61456 | D:15     | Lost mutation: Your muscles are strong. (Str +4, Int/Dex
                  | -1) [Jiyva's grace]
 61456 | D:15     | Gained mutation: Your natural rate of healing is unusually
                  | fast. [Jiyva's grace]
 61456 | D:15     | Gained mutation: You heal very quickly. [Jiyva's grace]
 61456 | D:15     | Gained mutation: You regenerate. [Jiyva's grace]
 61456 | D:15     | Gained mutation: Your body has grown eyes which may confuse
                  | attackers. (Acc +3) [Jiyva's grace]
 61579 | Depths:1 | Entered Level 1 of the Depths
 61863 | Depths:1 | Identified the +4 rapier "Tegile" {flame, *Noise Int+3}
 61993 | Depths:1 | Found a basalt altar of Yredelemnul.
 62131 | Depths:1 | Found an ornate altar of the Wu Jian Council.
 62181 | Depths:1 | Found a gateway to Hell.
 62608 | Vaults:4 | Reached skill level 15 in Shields
 62632 | Vaults:4 | Found a runed translucent gate.
 62632 | Vaults:4 | Found a runed translucent gate.
 62634 | Vaults:4 | Found a runed translucent gate.
 62635 | Vaults:4 | Noticed Qoas's ghost (adept GnCA)
 63190 | Depths:2 | Found a one-way gateway to a ziggurat.
 63345 | Depths:2 | Found a one-way gate leading to the halls of Pandemonium.
 63470 | Depths:2 | Found a corrupted altar of Lugonu.
 63470 | Depths:2 | Found a one-way gate to the infinite horrors of the Abyss.
 63741 | Depths:2 | Noticed a caustic shrike
 63762 | Depths:1 | Killed a caustic shrike
 63894 | Depths:2 | Reached skill level 21 in Summonings
 64284 | Depths:2 | Noticed a caustic shrike
 64299 | Depths:2 | Killed a caustic shrike
 65190 | Orc:2    | Bought Sif Muna's Anthology of Petrous Production for 598
                  | gold pieces
 65195 | Orc:2    | Learned a level 4 spell: Passage of Golubria
 65530 | Depths:3 | Identified the +7 war axe of the Trees {antimagic, Dex+3
                  | Stlth+}
 65540 | Depths:3 | Found Yfay's Jewellery Boutique.
 65548 | Depths:3 | Reached skill level 1 in Translocations
 65874 | Depths:3 | Found a runed translucent door.
 65881 | Depths:3 | Noticed jasper's ghost (veteran MDFi)
 66066 | Depths:3 | Found a runed translucent door.
 66084 | Depths:3 | Reached XP level 23. HP: 205/213 MP: 31/41
 66774 | Depths:3 | Reached skill level 5 in Translocations
 67101 | Depths:3 | Identified the ring of Isetirr {Fire Will++ rCorr Dex+2}
 67107 | Depths:3 | Reached skill level 22 in Summonings
 67148 | Depths:3 | Noticed a shard shrike
 67149 | Depths:3 | Noticed a shard shrike
 67151 | Depths:3 | Noticed a shard shrike
 67158 | Depths:3 | Killed a shard shrike
 67167 | Depths:3 | Found a runed translucent door.
 67207 | Depths:3 | Killed a shard shrike
 67224 | Depths:3 | Killed a shard shrike
 67660 | Depths:3 | Lost mutation: You are agile. (Dex +4, Str/Int -1) [Jiyva's
                  | grace]
 67660 | Depths:3 | Lost mutation: Your system is resistant to poisons. (rPois)
                  | [Jiyva's grace]
 67660 | Depths:3 | Lost mutation: You regenerate. [Jiyva's grace]
 67660 | Depths:3 | Lost mutation: You heal very quickly. [Jiyva's grace]
 67660 | Depths:3 | Lost mutation: Your body has grown eyes which may confuse
                  | attackers. (Acc +3) [Jiyva's grace]
 67660 | Depths:3 | Gained mutation: Your spells are harder to cast, but more
                  | powerful. [Jiyva's grace]
 67660 | Depths:3 | Gained mutation: Your spells are much harder to cast, but
                  | much more powerful. [Jiyva's grace]
 67660 | Depths:3 | Gained mutation: You have acidic saliva. [Jiyva's grace]
 67660 | Depths:3 | Gained mutation: You are agile. (Dex +4, Str/Int -1)
                  | [Jiyva's grace]
 67669 | Depths:3 | Learned a level 7 spell: Malign Gateway
 67689 | Depths:4 | Entered Level 4 of the Depths
 67689 | Depths:4 | Noticed a caustic shrike
 67689 | Depths:4 | Noticed a caustic shrike
 67689 | Depths:4 | Noticed a caustic shrike
 67689 | Depths:4 | Noticed a caustic shrike
 67689 | Depths:4 | Noticed a caustic shrike
 67695 | Depths:3 | Killed a caustic shrike
 68102 | Depths:4 | Found a gate to the Realm of Zot.
 68304 | Depths:4 | Identified the -1 pair of gloves of Intercession {rPois
                  | rF++ MP+9 Dex-2}
 68357 | Depths:4 | Killed a caustic shrike
 68364 | Depths:4 | Killed a caustic shrike
 68368 | Depths:4 | Killed a caustic shrike
 68376 | Depths:4 | Killed a caustic shrike
 68894 | Depths:4 | Found a broken altar of Ashenzari.
 68900 | Depths:4 | Identified the +3 robe "Toum" {rN+ rCorr Str-2 Stlth+}
 68900 | Depths:4 | Noticed Boris
 68924 | Depths:4 | Killed Boris
 69327 | Zot:1    | Entered Level 1 of the Realm of Zot
 69863 | Zot:1    | Noticed a curse toe
 69868 | Zot:1    | Reached skill level 23 in Summonings
 70180 | Zot:1    | Killed a curse toe
 71070 | Zot:1    | Noticed a curse toe
 71070 | Zot:1    | Noticed a curse toe
 71102 | Zot:1    | Killed a curse toe
 71352 | Zot:1    | Killed a curse toe
 71353 | Zot:1    | Reached skill level 10 in Translocations
 71588 | Zot:1    | Got Xiug Toeh's Lessons on Corpses
 71861 | Zot:1    | Noticed a curse toe
 71871 | Zot:1    | Killed a curse toe
 71874 | Zot:1    | Identified the +8 trident of the Hills {speed, rPois rC+++
                  | rN+ Int+3}
 71874 | Zot:1    | Identified the ring of Cuukoru {Ice rPois SInv}
 71874 | Zot:1    | Noticed Josephina
 71915 | Zot:1    | Killed Josephina
 72366 | Zot:1    | Found a runed translucent door.
 72368 | Zot:1    | Noticed jestert79's ghost (veteran SpAr)
 72406 | Zot:1    | Reached XP level 24. HP: 204/221 MP: 32/41
 72734 | Zot:1    | Reached skill level 24 in Summonings
 73132 | Zot:2    | Lost mutation: Your flesh is cold resistant. (rC+) [Jiyva's
                  | grace]
 73132 | Zot:2    | Lost mutation: Your natural rate of healing is unusually
                  | fast. [Jiyva's grace]
 73132 | Zot:2    | Lost mutation: Your gelatinous body deflects attacks. (AC
                  | +3, EV +3) [Jiyva's grace]
 73132 | Zot:2    | Gained mutation: You have very sharp teeth. [Jiyva's grace]
 73132 | Zot:2    | Gained mutation: You have extremely sharp teeth. [Jiyva's
                  | grace]
 73132 | Zot:2    | Gained mutation: You have razor-sharp teeth. [Jiyva's
                  | grace]
 73132 | Zot:2    | Gained mutation: You expend magic power (3 MP) to
                  | strengthen your wands. [Jiyva's grace]
 73271 | Zot:2    | Reached skill level 15 in Spellcasting
 76498 | Zot:3    | Lost mutation: You have razor-sharp teeth. [Jiyva's grace]
 76498 | Zot:3    | Lost mutation: You are agile. (Dex +4, Str/Int -1) [Jiyva's
                  | grace]
 76498 | Zot:3    | Lost mutation: Your spells are much harder to cast, but
                  | much more powerful. [Jiyva's grace]
 76498 | Zot:3    | Lost mutation: Your pliable body absorbs attacks. (AC +2,
                  | EV +2) [Jiyva's grace]
 76498 | Zot:3    | Lost mutation: Your rubbery body absorbs attacks. (AC +1,
                  | EV +1) [Jiyva's grace]
 76498 | Zot:3    | Lost mutation: You have a small jelly attached to you that
                  | senses nearby items. [Jiyva's grace]
 76498 | Zot:3    | Gained mutation: You have razor-sharp teeth. [Jiyva's
                  | grace]
 76498 | Zot:3    | Gained mutation: You possess an exceptional clarity of
                  | mind. [Jiyva's grace]
 76498 | Zot:3    | Gained mutation: Your body has grown eyes which may confuse
                  | attackers. (Acc +3) [Jiyva's grace]
 76498 | Zot:3    | Gained mutation: Your body has grown many eyes which may
                  | confuse attackers. (Acc +5) [Jiyva's grace]
 76773 | Zot:3    | Found a glowing silver altar of Zin.
 76775 | Zot:3    | Found a glowing golden altar of the Shining One.
 76775 | Zot:3    | Found a white marble altar of Elyvilon.
 77810 | Zot:4    | Noticed a Killer Klown
 77836 | Zot:4    | Killed a Killer Klown
 78196 | Zot:4    | Noticed a Killer Klown
 78207 | Zot:4    | Noticed Parghit
 78466 | Zot:4    | Killed a Killer Klown
 78468 | Zot:4    | Killed a Killer Klown
 78829 | Zot:4    | Killed Parghit
 79210 | Zot:5    | Entered Level 5 of the Realm of Zot
 79788 | Zot:5    | Reached XP level 25. HP: 173/227 MP: 34/46
 80429 | Zot:5    | Noticed a Killer Klown
 80435 | Zot:5    | Noticed an orb of fire
 80438 | Zot:5    | Killed a Killer Klown
 80442 | Zot:5    | Gained mutation: You occasionally shout uncontrollably at
                  | your foes. [an orb of fire]
 80449 | Zot:5    | Killed an orb of fire
 80690 | Zot:5    | Noticed a dread lich
 80712 | Zot:5    | Killed a dread lich
 80838 | Zot:5    | Noticed a Killer Klown
 80847 | Zot:5    | Killed a Killer Klown
 81341 | Zot:5    | Noticed a dread lich
 81361 | Zot:5    | Killed a dread lich
 81486 | Zot:5    | Noticed an orb of fire
 81490 | Zot:5    | Gained mutation: You are dopey. (Int -2) [an orb of fire]
 81507 | Zot:5    | Killed an orb of fire
 81694 | Zot:5    | Noticed a dread lich
 81704 | Zot:5    | Killed a dread lich
 81753 | Zot:5    | Noticed an ancient lich
 81821 | Zot:5    | Killed an ancient lich
 81849 | Zot:5    | Noticed a dread lich
 81865 | Zot:5    | Killed a dread lich
 81872 | Zot:5    | Gained mutation: You do not regenerate when monsters are
                  | visible. [mutagenic glow]
 81945 | Zot:5    | Lost mutation: Your melee attacks may engulf your foes in
                  | ooze. [potion of mutation]
 81945 | Zot:5    | Lost mutation: Your body has grown many eyes which may
                  | confuse attackers. (Acc +5) [potion of mutation]
 81945 | Zot:5    | Gained mutation: You are strong-willed. (Will+) [potion of
                  | mutation]
 82500 | Vaults:4 | Killed Qoas's ghost
 82695 | Vaults:4 | Identified the +2 pair of gloves of Nufrej {Harm rC+}
 83177 | Snake:3  | Bought a potion of mutation for 104 gold pieces
 83177 | Snake:3  | Lost mutation: You occasionally shout uncontrollably at
                  | your foes. [potion of mutation]
 83177 | Snake:3  | Lost mutation: Your translucent skin reduces your foes'
                  | accuracy. (Stealth+) [potion of mutation]
 83177 | Snake:3  | Gained mutation: Your flesh is cold resistant. (rC+)
                  | [potion of mutation]
 83837 | Zot:5    | Noticed a dread lich
 83850 | Zot:5    | Killed a dread lich
 84082 | Zot:5    | Noticed a dread lich
 84095 | Zot:5    | Killed a dread lich
 84150 | Zot:5    | Noticed a dread lich
 84166 | Zot:5    | Killed a dread lich
 84487 | Zot:5    | Noticed a dread lich
 84489 | Zot:5    | Noticed an orb of fire
 84490 | Zot:5    | Noticed a Killer Klown
 84495 | Zot:5    | Gained mutation: You occasionally lose the ability to drink
                  | potions when taking damage. [an orb of fire]
 84495 | Zot:5    | Lost mutation: You possess an exceptional clarity of mind.
                  | [an orb of fire]
 84496 | Zot:5    | Killed a dread lich
 84507 | Zot:5    | Killed an orb of fire
 84518 | Zot:5    | Killed a Killer Klown
 84571 | Zot:5    | Got the Orb of Zot
 85311 | D:$      | Escaped with the Orb!

Illustrated notes

Levels and vault maps discovered:
D:1:      wander_arrival_estate, layout_loops_ring, minmay_tetromino_l2
D:2:      minmay_roachtagon, layout_basic, chequers_serial_rivers_micro_e
D:3:      wad_woods_settlement, layout_rooms
D:4:      layout_layer_cave, minmay_bent, uniq_menkaure
D:5:      layout_cave_pools, grunt_decor_cap, minmay_misc_feat_pillars
D:6:      layout_rooms
D:7:      layout_layer_cave, minmay_temple_entry_fiery, uniq_prince_ribbit1
D:8:      layout_basic, david_lair_generic, dk_vineyard_3,
          nicolae_shop_clearance, uniq_erica, uniq_pikel
D:9:      layout_irregular_city, gammafunk_temple_overflow_elements,
          lemuel_doored_altar, david_orc_4
D:10:     layout_grid_maze, uniq_maggie
D:11:     layout_loops_ring, minmay_statue_crystal_thing
D:12:     layout_irregular_city, enter_trove_2, uniq_erolcha
D:13:     layout_roguey, david_vaults_2, zin_statuary
D:14:     layout_loops_corners, chequers_garden
D:15:     hellmonk_depths_entry_around_the_bend, layout_basic,
          serial_park_square2, hangedman_ru_absence
Temple:   compressed_dpeg_triangle_lava_temple
Lair:1:   layout_chaotic_city, dreamdust_deal_with_the_devil, st_stairs_11,
          nicolae_lair_run_with_the_wolves, lemuel_fruit_fields,
          grunt_megastairs_3, infiniplex_staircase_pool_2
Lair:2:   layout_regular_city, minmay_swamp_entry_worms, dummy_snake_entry,
          hellmonk_talismancer, grunt_megastairs_5
Lair:3:   layout_misc_corridors, uniq_rupert
Lair:4:   layout_loops_ring, slime_entry_1, gauntlet_entry_generic,
          grunt_megastairs_2
Lair:5:   cheibrodos_lair_end_hotspot, layout_loops_ring, ice2_lemuel,
          infiniplex_staircase_pool, serial_bayou_shore_b
Swamp:1:  nicolae_swamp_ascending_descending, layout_basic_swamp,
          nicolae_swamp_tree_isthmus
Swamp:2:  nicolae_swamp_standing_stones, layout_falls_marsh,
          evilmike_swamp_ruin_house_3, swamp_pool_3
Swamp:3:  layout_basic_swamp, evilmike_swamp_ruin_house_5
Swamp:4:  swamp_fiery, layout_basic_swamp, swamp_pool_3, nicolae_swamp_big_swirl
Snake:1:  layout_grid_maze, nicolae_snake_single_loop
Snake:2:  layout_honeycomb, st_stairs_7, nicolae_letterblocks
          [nicolae_letter_subblock, nicolae_letter_subblock,
          nicolae_letter_subblock, nicolae_letter_subblock,
          nicolae_letter_subblock, nicolae_letter_subblock,
          nicolae_letter_subblock, nicolae_letter_subblock,
          nicolae_letter_subblock, nicolae_letter_subblock,
          nicolae_letter_subblock, nicolae_letter_subblock,
          nicolae_letter_subblock, nicolae_letter_subblock,
          nicolae_letter_subblock, nicolae_letter_subblock,
          nicolae_letter_subblock, nicolae_letter_subblock,
          nicolae_letter_subblock, nicolae_letter_subblock,
          nicolae_letter_subblock, nicolae_letter_subblock,
          nicolae_letter_subblock, nicolae_letter_subblock,
          nicolae_letter_subblock], minmay_shop_star, uniq_aizul
Snake:3:  nicolae_cobra_stairs, layout_honeycomb, nicolae_snake_mages_go_home,
          minmay_shoptagon
Snake:4:  johnstein_snake_rune_scales, layout_layer_cave, serial_shops, shop,
          lemuel_fruit_tree, nicolae_triple_integral
Slime:1:  layout_caves
Slime:2:  nicolae_slime_jelly_donut, layout_caves
Slime:3:  layout_caves, cheibrodos_slime_lost_civilization_6
Slime:4:  layout_caves
Slime:5:  slime_pit_nicolae_royal_road_to_ruin
Orc:1:    layout_caves, serial_shops, nicolae_shop_tiny_waterfront
Orc:2:    pubby_orc_utopia
Elf:1:    nicolae_elf_arrival_aired_out, layout_loops_corners,
          nicolae_elf_crossing_hall
Elf:2:    elven_hall_of_blades_hangedman_original
          [nicolae_blade_entry_crossed_weapons], layout_gridlike, serial_shops,
          nicolae_shop_getting_attention, nicolae_shop_window_shopping,
          uniq_jorgrun
Elf:3:    grunt_elf_hall_diamonds, layout_gridlike, serial_shops, shop
Vaults:1: nicolae_vaults_double_plus_3, vaults_mumra_chevron_long, v_misc_33,
          v_pattern_1, nicolae_vaults_diamond_2, hangedman_vaults_corner,
          nicolae_vaults_taking_the_gang_shopping,
          nicolae_vaults_corridor_and_loot_room, nicolae_vaults_more_shelving_1,
          nicolae_vaults_little_squares_4, nicolae_vaults_storage_closets_2,
          nicolae_vaults_trapezoid_3, nicolae_vaults_trapezoid_lopsided_3,
          v_misc_22, ontoclasm_vaults_gateway, layout_vaults_omnibox,
          serial_shops, nicolae_shop_waterfront
Vaults:2: v_rooms_2, v_alt_pattern_2, v_misc_22, vaults_room_semicircle,
          hangedman_vaults_stagger, ontoclasm_vaults_shuriken,
          nicolae_vaults_mini_display_case, v_alt_pattern_2,
          lightli_church_of_beogh, ontoclasm_vaults_ring_large,
          nicolae_vaults_tetromino_Z_2, nicolae_vaults_diamond_1,
          nicolae_vaults_circle_grid_a, grunt_vaults_hallway_short,
          layout_vaults_omnicross, uniq_jory
Vaults:3: nicolae_vaults_network_s, nicolae_vaults_holding_cells,
          minmay_crypt_entry_simple_statues, v_rooms_5,
          nicolae_vaults_diamond_2, nicolae_vaults_twisting_passages,
          nicolae_vaults_trapezoid_lopsided_1, nicolae_vaults_frosty_reception,
          v_misc_17, nicolae_vaults_heart-shaped_vault, nicolae_vaults_cochlea,
          v_alt_pattern_6, nicolae_vaults_house_2, layout_vaults_maze_bifur,
          uniq_asterion
Vaults:4: ploomutoo_gammafunk_ghost_potion_laboratory, nicolae_vaults_house_3,
          nicolae_vaults_apartment_2, nicolae_vaults_tetromino_Z_2,
          ontoclasm_vaults_eye, nicolae_vaults_sightless_eye,
          nicolae_vaults_storage_room_water, grunt_vaults_focal,
          nicolae_vaults_windows_and_doors_thing, ontoclasm_vaults_chip,
          nicolae_vaults_double_plus_1, layout_vaults_omnigrid, uniq_margery
Crypt:1:  layout_regular_city, basic_altar, item_on_display_a,
          grunt_crypt_arrival_webbed
Crypt:2:  layout_regular_city, columned_hall_lemuel
Crypt:3:  evilmike_haunted_forest
Depths:1: layout_gridville, hellmouth_3, yredelemnul_altar_generic,
          nicolae_wu_jian_immortal_techniques
Depths:2: evilmike_hourglass, layout_basic, enter_ziggurat_c,
          abyss_entry_flame_altar, grunt_pan_entry_sceptre, hell_entry
Depths:3: mu_elemental_laboratory, layout_cave_pools,
          hangedman_abyss_entry_splay, serial_shops, nicolae_shop_crystal,
          ebering_ghost_reflecting_pool, pf_coc_iceberg, grunt_ministairs_14,
          hellmonk_scarab_ruin
Depths:4: grunt_x_marks_the_spot, layout_twisted_cross, evilmike_ruin_ashenzari,
          hellmouth_1, uniq_boris
Zot:1:    bobbens_index_wilting_gardens, layout_misc_corridors,
          ebering_ghost_inner_flame, uniq_josephina
Zot:2:    layout_gridlike, hangedman_zot_decor_unnerving_road,
          regret_index_zotdec_split_disrupt
Zot:3:    layout_misc_corridors, regret_index_zotdec_barnacled_simple,
          st_stairs_13, regret_index_zotdec_alabaster_prism
Zot:4:    layout_gridlike, uniq_parghit
Zot:5:    layout_concentric_octagons

Skill      XL: |  1  2  3  4  5  6  7  8  9 10 11 12 13 14 15 16 17 18 19 20 21 22 23 24 25 |
---------------+----------------------------------------------------------------------------+-----
Summonings     | 5 6 7 8 10 14 18 20 21 23 24 | 24.0
Spellcasting   | 3 6 7 8 12 14 19 | 19.0
Fighting       | 3 5 6 7 10 11 14 15 18 19 22 | 22.3
Short Blades   | 5 7 10 | 10.0
Air Magic      | 4 |  4.1
Fire Magic     | 4 |  4.0
Dodging        | 3 6 8 11 12 15 | 15.0
Long Blades    | 5 11 14 | 14.8
Shapeshifting  | 4 10 | 10.0
Shields        | 5 7 10 12 15 | 15.4
Evocations     | 5 |  5.5
Translocations | 3 10 11 13 | 13.3
Stealth        | |  1.7

Action                     |  1- 3 |  4- 6 |  7- 9 | 10-12 | 13-15 | 16-18 | 19-21 | 22-24 | 25-27 || total
---------------------------+-------+-------+-------+-------+-------+-------+-------+-------+-------++-------
  Melee: Unarmed           |     7 |       |       |       |       |       |       |       |       ||     7
         Short sword       |    59 |   104 |   357 |   386 |       |       |       |       |       ||   906
         Tailslap          |    11 |    10 |    46 |    78 |   174 |   186 |   201 |   230 |    42 ||   978
         Falchion          |     8 |       |       |       |       |       |       |       |       ||     8
         Double sword      |       |       |       |    17 |   887 |   849 |   575 |   654 |    56 ||  3038
         Maw               |       |       |       |       |   120 |   337 |   355 |   397 |    68 ||  1277
         Peck              |       |       |       |       |    33 |   227 |       |       |       ||   260
         Bite              |       |       |       |       |    19 |    87 |    44 |   116 |    20 ||   286
         Rapier            |       |       |       |       |       |    43 |   182 |   255 |    78 ||   558
   Cast: Summon Small Mamm |    31 |    11 |       |       |     1 |       |       |       |       ||    43
         Call Imp          |    14 |    15 |    21 |       |       |       |       |       |       ||    50
         Call Canine Famil |       |    13 |    31 |    21 |     7 |       |       |       |       ||    72
         Summon Lightning  |       |       |     8 |    52 |    97 |   115 |       |       |       ||   272
         Summon Blazeheart |       |       |       |    39 |    74 |     4 |       |       |       ||   117
         Monstrous Menager |       |       |       |       |       |    27 |   209 |   166 |    10 ||   412
         Summon Hydra      |       |       |       |       |       |    18 |   328 |   316 |    33 ||   695
         Malign Gateway    |       |       |       |       |       |       |       |    15 |    23 ||    38
 Invoke: Heal Self         |       |       |       |       |     4 |       |       |       |       ||     4
Ability: Nullifying Breath |       |       |     4 |     2 |     5 |       |       |       |       ||    11
  Evoke: Wand              |       |       |     1 |     8 |    10 |       |     1 |     1 |     5 ||    26
         Phantom mirror    |       |       |       |     1 |       |       |       |       |       ||     1
         Lightning rod     |       |       |       |       |       |     1 |     7 |     1 |       ||     9
    Use: Scroll            |       |     7 |     3 |    13 |    18 |    11 |     4 |    16 |       ||    72
         Potion            |       |     1 |       |       |     4 |     5 |       |     4 |     6 ||    20
   Stab: Sleeping          |     1 |     4 |     3 |     2 |     6 |     9 |     3 |     4 |       ||    32
         Distracted        |     1 |       |     4 |     6 |    22 |    26 |    29 |    49 |     7 ||   144
         Paralysed         |       |       |       |       |       |       |     1 |     2 |     3 ||     6
         Confused          |       |       |       |       |       |       |     1 |     7 |     2 ||    10
         Fleeing           |       |       |       |       |       |       |       |     1 |       ||     1
 Armour: Skin              |    59 |    87 |   250 |   280 |   637 |   481 |   383 |   565 |    86 ||  2828
  Dodge: Dodged            |    68 |    81 |   202 |   253 |   766 |   688 |   767 |   721 |    52 ||  3598
  Block: Buckler           |       |       |       |       |   202 |   353 |   530 |    19 |       ||  1104
         Reflection        |       |       |       |       |     3 |    44 |    55 |    14 |       ||   116
         Kite shield       |       |       |       |       |       |       |       |  1078 |    88 ||  1166
   Form: Maw               |       |       |       |       |     1 |       |       |       |       ||     1

Table legend: (Time is in decaauts)
 A = Elapsed time spent in this place.
 B = Non-inter-level travel time spent in this place.
 C = Inter-level travel time spent in this place.
 D = Time resting spent in this place.
 E = Time spent auto-exploring this place.
 F = Levels seen in this place.
 G = Mean time per level.
                   A        B        C        D        E       F      G
               +--------+--------+--------+--------+--------+-----+--------+
         Total |  84355 |  74111 |  10244 |  24772 |  31183 |  57 | 1479.9 |
       Dungeon |  23220 |  18972 |   4248 |   5684 |  10056 |  15 | 1548.0 |
        Temple |     56 |     56 |      0 |      0 |      0 |   1 |   56.0 |
          Lair |   7467 |   6701 |    766 |   1898 |   3128 |   5 | 1493.4 |
         Swamp |   3282 |   3062 |    220 |    977 |   1390 |   4 |  820.5 |
     Snake Pit |   7329 |   6608 |    721 |   1781 |   3260 |   4 | 1832.2 |
    Slime Pits |   1817 |   1268 |    549 |      0 |   1081 |   5 |  363.4 |
  Orcish Mines |   2889 |   2252 |    637 |    247 |   1047 |   2 | 1444.5 |
   Elven Halls |   4537 |   4221 |    316 |   1285 |   1579 |   3 | 1512.3 |
        Vaults |   7293 |   5937 |   1356 |    847 |   3659 |   4 | 1823.2 |
         Crypt |   4864 |   4625 |    239 |   1522 |   1601 |   3 | 1621.3 |
        Depths |   7296 |   6778 |    518 |   3146 |   1872 |   4 | 1824.0 |
           Zot |  12595 |  11925 |    670 |   6755 |   2333 |   5 | 2519.0 |
         Abyss |    496 |    496 |      0 |     98 |    175 |   1 |  496.0 |
      Gauntlet |   1208 |   1208 |      0 |    531 |      0 |   1 | 1208.0 |
               +--------+--------+--------+--------+--------+-----+--------+

Top non-repeatable levels by time:
   Zot:5: 3154 daAuts
    D:10: 2939 daAuts
 Snake:4: 2613 daAuts
   Zot:1: 2600 daAuts
   Zot:4: 2541 daAuts
Depths:3: 2506 daAuts
 Crypt:3: 2441 daAuts
     D:9: 2426 daAuts
   Orc:2: 2349 daAuts
    D:13: 2277 daAuts
   Elf:3: 2243 daAuts
  Lair:5: 2222 daAuts
   Zot:3: 2184 daAuts
   Zot:2: 2115 daAuts
 Snake:3: 2053 daAuts
